 Dungeon Crawl Stone Soup version 0.22-a0-247-gbddf880 (webtiles) character file.

304 b5mith the Skirmisher (level 6, -1/84 HPs)
             Began as a Minotaur Berserker on Feb 25, 2018.
             Was a Priest of Trog.
             Slain by an orc warrior
             ... wielding a +0 dire flail
              (12 damage)
             ... on level 4 of the Dungeon.
             The game lasted 00:04:46 (2239 turns).

b5mith the Skirmisher (Minotaur Berserker)          Turns: 2239, Time: 00:04:46

Health: -1/84      AC:  7    Str: 27    XL:     6   Next: 15%
Magic:  5/5        EV: 12    Int:  4    God:    Trog [***...]
Gold:   120        SH:  0    Dex: 11    Spells: 5/5 levels left

rFire    . . .     SeeInvis .   a - +0 falchion
rCold    . . .     Gourm    .   (no shield)
rNeg     . . .     Faith    .   e - +0 ring mail
rPois    .         Spirit   .   (helmet restricted)
rElec    .         Reflect  .   (no cloak)
rCorr    .         Harm     .   (no gloves)
MR       .....                  m - +0 pair of boots
Stlth    ..........             (no amulet)
HPRegen  0.24/turn              (no ring)
MPRegen  0.09/turn              (no ring)

@: berserking, very quick
A: retaliatory headbutt, horns 2
a: Berserk, Trog's Hand, Renounce Religion


You were on level 4 of the Dungeon.
You worshipped Trog.
Trog was most pleased with you.
You were very hungry.

You visited 1 branch of the dungeon, and saw 4 of its levels.

You collected 120 gold pieces.

Inventory:

Hand Weapons
 a - a +0 falchion (weapon)
Missiles
 d - 6 steel javelins (quivered)
Armour
 b - a +0 animal skin
 e - a +0 ring mail (worn)
 m - a +0 pair of boots (worn)
Scrolls
 f - 2 scrolls of enchant weapon {unknown}
 j - 2 scrolls of identify {unknown}
 o - 3 scrolls of amnesia {unknown}
Potions
 g - 2 potions of agility {unknown}
 i - a potion of lignification {unknown}
 k - a potion of degeneration {unknown}
 l - a potion of cancellation {unknown}
 n - a potion of curing {unknown}
Comestibles
 c - 9 rations
 h - 2 chunks of flesh


   Skills:
 + Level 5.2 Fighting
 + Level 5.2 Long Blades
 + Level 4.3 Armour
 + Level 4.0 Dodging


You had 5 spell levels left.
You didn't know any spells.

Dungeon Overview and Level Annotations

Branches:
Dungeon (4/15)             Temple (0/1) D:4

Altars:
Makhleb
Trog
Zin

Annotations:
D:3 2 transporters


Innate Abilities, Weirdness & Mutations

You reflexively headbutt those who attack you in melee.
You have a pair of horns on your head.


Message History

* * * LOW HITPOINT WARNING * * *
You barely miss the orc warrior. You headbutt the orc warrior!
The orc warrior is heavily wounded.
The orc warrior hits you with a dire flail!!
* * * LOW HITPOINT WARNING * * *
You barely miss the orc. Your headbutt misses the orc.
The orc hits you with a falchion.
* * * LOW HITPOINT WARNING * * *
You closely miss the orc.
You kill the orc!
Trog accepts your kill.
You hit the orc warrior. Your headbutt misses the orc warrior.
The orc warrior is heavily wounded.
The orc warrior hits you but does no damage.
You barely miss the orc warrior.
The orc warrior is heavily wounded.
You barely miss the orc warrior. Your headbutt misses the orc warrior.
The orc warrior is heavily wounded.
The orc warrior hits you with a dire flail!
You die...

######
###....##
#.o@#...#
#...###...#
#.##
##.+### #
###.....###
#2#_..._#A#
###.....###
###'###
#####...#
...#...#


You could see an orc warrior.

Vanquished Creatures
  The ghost of Oroborous the Grave Robber, an amateur DsNe (D:3)
  2 orc priests (D:4)
  A worker ant (D:4)
  An adder (D:2)
  An ooze (D:1)
  2 worms
  3 dart slugs
  2 leopard geckos
  5 orcs (D:4)
  A ball python (D:1)
  5 giant cockroaches
  6 goblins
  8 hobgoblins
  5 jackals (D:1)
  A quokka (D:2)
  5 bats
  6 frilled lizards
  8 kobolds
  3 rats (D:1)
  A plant (D:1)
67 creatures vanquished.

Notes
Turn   | Place    | Note
-------+----------+-------------------------------------------
     0 | D:1      | b5mith the Minotaur Berserker began the quest for the Orb.
     0 | D:1      | Reached XP level 1. HP: 19/19 MP: 0/0
   310 | D:1      | Reached XP level 2. HP: 27/27 MP: 1/1
   757 | D:2      | Reached ** piety under Trog
   763 | D:2      | Reached XP level 3. HP: 32/33 MP: 2/2
  1364 | D:2      | Reached XP level 4. HP: 27/40 MP: 3/3
  1575 | D:3      | Noticed Oroborous's ghost (amateur DsNe)
  1590 | D:3      | Killed Oroborous's ghost
  1590 | D:3      | Reached XP level 5. HP: 47/47 MP: 4/4
  1685 | D:3      | Found a transporter.
  1685 | D:3      | Found a transporter.
  1828 | D:3      | Found a bloodstained altar of Trog.
  1959 | D:4      | Reached skill level 5 in Fighting
  1959 | D:4      | Reached skill level 5 in Long Blades
  1978 | D:4      | Reached XP level 6. HP: 37/56 MP: 5/5
  2167 | D:4      | Found a staircase to the Ecumenical Temple.
  2219 | D:4      | Found a glowing silver altar of Zin.
  2219 | D:4      | Found a burning altar of Makhleb.
  2220 | D:4      | Noticed a cacodemon
  2220 | D:4      | Noticed an angel
  2227 | D:4      | Noticed an orc warrior
  2228 | D:4      | Reached *** piety under Trog
  2239 | D:4      | Slain by an orc warrior

Vault maps used:
D:1:      mushboom_english_gardens, serial_forest, infiniplex_forest_fountain,
          infiniplex_forest_end_1, infiniplex_forest_lined_2,
          infiniplex_forest_clump_small, infiniplex_forest_end_1,
          infiniplex_forest_lined_1, infiniplex_forest_clump_long,
          infiniplex_forest_lined_room_2, infiniplex_forest_split,
          infiniplex_forest_lined_room_2, minmay_tromino_mix6
D:3:      gammafunk_wand_slinger, lemuel_doored_altar
D:4:      cheibrodos_quashed, grunt_temple_overflow_order_and_chaos_2,
          minmay_temple_entry_enclosed_plants, nrook_mini_vaults

Skill      XL: |  1  2  3  4  5 |
---------------+----------------+-----
Long Blades    | 4 5 |  5.2
Fighting       | 4 5 |  5.2
Armour         | 3 4 |  4.3
Dodging        | 3 4 |  4.0

Action                   |  1- 3 |  4- 6 || total
-------------------------+-------+-------++-------
Melee: Falchion          |    96 |    58 ||   154
       Headbutt          |    16 |    10 ||    26
Invok: Berserk           |       |     3 ||     3
  Eat: Chunk             |     1 |     5 ||     6
Armor: Ring mail         |    28 |    20 ||    48
Dodge: Dodged            |    56 |    26 ||    82
       Rpst.: Falchion   |     9 |     7 ||    16

Table legend:
 A = Spawn XP
 B = Non-spawn XP
 C = Spawn XP percentage of total XP
 D = Spawn monster count
 E = Non-spawn monster count
 F = Spawn count percentage of total count
 G = Total turns spent on level
                    A         B        C        D         E        F      G
               +---------+---------+-------+---------+---------+-------+---------
         Total |       0 |     435 |   0.0 |       0 |      66 |   0.0 |  2239
               +---------+---------+-------+---------+---------+-------+---------
           D:1 |       0 |      38 |   0.0 |       0 |      21 |   0.0 |   744
           D:2 |       0 |      61 |   0.0 |       0 |      25 |   0.0 |   817
           D:3 |       0 |     196 |   0.0 |       0 |       9 |   0.0 |   331
           D:4 |       0 |     140 |   0.0 |       0 |      11 |   0.0 |   347
               +---------+---------+-------+---------+---------+-------+---------
